AoeStats
← xlyons64

Golden Pit

509539775Analyzed
1v1 RM · 6d ago on Sep 27, 2026· 19m 46s· 2 players
Game mode
Random Map
Map size
Tiny (2 player)
Population
200
Speed
Normal
Resources
Standard
Victory
Conquest
Starting age
Dark Age
Ending age
Imperial Age
RankedLock teamsTeams togetherTeam positionsShared explorationLock speedFull tech treeHidden civsTurbo modeCheats
Victory
Defeat
🇨🇳 Teutons · China
409
+17
🇺🇸 Persians · United States
435
-17
chiyishi
9:20 Loom
11:48 Feudal Age
12:45 Double-Bit Axe
17:36 Castle Age
17:27 Gold Mining
18:34 Bloodlines
18:18 Crossbowman
xlyons64
1:53 Loom
10:43 Feudal Age
13:34 Double-Bit Axe
18:36 Castle Age
16:59 Horse Collar
18:04 Man-at-Arms
Connection lost

Rejoining the realm…

Still unreachable

The connection could not be restored.

Session expired

The server has moved on; the page needs a fresh start.